 Dungeon Crawl Stone Soup version 0.19.1-1-g22dce08 (webtiles) character file.

638 Gargoyl the Skirmisher (level 7, -8/60 HPs)
             Began as a Ghoul Abyssal Knight on Jan 9, 2017.
             Was a Believer of Lugonu.
             Killed from afar by loom's ghost (18 damage)
             ... with an orb of energy
             ... on level 5 of the Dungeon.
             The game lasted 00:08:37 (4404 turns).

Gargoyl the Skirmisher (Ghoul Abyssal Knight)       Turns: 4404, Time: 00:08:37

Health: -8/60      AC: 10    Str: 21    XL:     7   Next: 50%
Magic:  8/8        EV:  5    Int:  7    God:    Lugonu [**....]
Gold:   187        SH:  7    Dex: 10    Spells: 0 memorised, 6 levels left

rFire  + . .     SeeInvis .     w - +0 war axe
rCold  + + .     Gourm    .     l - +0 chain mail
rNeg   + + +     Faith    .     o - +0 shield
rPois  ∞         Spirit   .     (no helmet)
rElec  .         Reflect  .     (no cloak)
rCorr  .         Harm     .     m - +0 pair of gloves
MR     .....                    (no boots)
Stlth  ..........               (no amulet)
                                s - ring of protection from fire
                                i - ring of protection from cold

@: mighty, rotting
A: rotting body, claws 1, carnivore 3, cold resistance 1, negative energy
resistance 3, slow regeneration 1, torment resistance, unbreathing
a: Depart the Abyss, Bend Space, Renounce Religion


You were on level 5 of the Dungeon.
You worshipped Lugonu.
Lugonu was pleased with you.
You were not hungry.

You visited 1 branch of the dungeon, and saw 5 of its levels.
You visited the Abyss 1 time.

You collected 187 gold pieces.

Inventory:

Hand Weapons
 a - a +1 hand axe
 w - a +0 war axe (weapon)
Armour
 l - a +0 chain mail (worn)
 m - a +0 pair of gloves (worn)
 o - a +0 shield (worn)
Jewellery
 i - a ring of protection from cold (left hand)
 s - a ring of protection from fire (right hand)
Wands
 r - a wand of lightning (4/15)
Scrolls
 b - 2 scrolls of identify
 d - 2 scrolls of remove curse
 e - a scroll of teleportation
 h - a scroll of noise {unknown}
 n - a scroll of random uselessness {unknown}
 q - a scroll of recharging {unknown}
 u - a scroll of fog
 v - a scroll of enchant armour {unknown}
Potions
 j - 2 potions of heal wounds
 p - a potion of berserk rage
Comestibles
 c - 5 meat rations
 f - a slice of pizza
 g - 2 chunks of flesh
 t - a beef jerky


   Skills:
 + Level 4.7 Fighting
 + Level 4.0 Axes
 * Level 4.7 Armour
 + Level 2.0 Dodging
 * Level 3.5 Invocations


You had 6 spell levels left.
You didn't know any spells.

Dungeon Overview and Level Annotations

Branches:
Dungeon (5/15)
 Temple: D:4-7

Altars:
Fedhas
Kikubaaqudgha
Makhleb
The Shining One

Annotations:
D:5 loom's ghost, novice DECj


Innate Abilities, Weirdness & Mutations

Your body is rotting away.
You thrive on raw meat.
You are immune to poison.
You have sharp fingernails.
You are carnivorous and can eat meat at any time.
Your flesh is cold resistant. (rC+)
You are immune to negative energy. (rN+++)
You regenerate slowly when monsters are visible.
You are immune to unholy pain and torment.
You can survive without breathing.


Message History

Loom's ghost conjures a globe of magical energy!
Loom's ghost gestures at you while chanting.
The orb of energy hits you!
* * * LOW HITPOINT WARNING * * *
The orb of energy explodes!
The battlesphere fires!
The barrage of energy hits you!
* * * LOW HITPOINT WARNING * * *
A battlesphere comes into view.
You closely miss loom's ghost.
Loom's ghost is severely damaged.
The battlesphere moves out of view.
Loom's ghost casts a spell at you. The magic dart hits you!
* * * LOW HITPOINT WARNING * * *
Your shield and chain mail prevent you from hitting loom's ghost.
Loom's ghost is severely damaged.
You hit the battlesphere. Loom's ghost barely misses you.
Loom's ghost points at you and mumbles some strange words.
The orb of energy hits you!
You die...

### #.# ... #.# #.# #.###$#
#.@W..# #######
#§###########......
#.......##.>..##.#.
#.#######.#####.####..##.#.
#.........#.# #.# #..##.#.
#####<###.#.# #.# #.......
##.###.#.# #.####.......
#...)....###............
#...))....##.#.##.......


You could see loom's ghost.

Vanquished Creatures
  The ghost of novi the Chopper, an amateur MiBe of Trog (D:4)
  3 scorpions (D:4)
  A bullfrog skeleton (D:3)
  2 hounds (D:4)
  An orc priest (D:5)
  A centaur skeleton (D:4)
  An iguana (D:4)
  2 worker ants (D:4)
  A hound skeleton (D:4)
  9 adders
  An adder skeleton (D:4)
  3 worms
  3 leopard geckos
  3 orcs
  5 ball pythons
  7 giant cockroaches
  6 goblins
  10 hobgoblins
  3 jackals (D:2)
  A quokka (D:2)
  12 bats
  3 frilled lizards
  8 kobolds
  6 rats
  2 fungi (D:4)
95 creatures vanquished.

Vanquished Creatures (others)
  A centaur (D:5)
  A hound (D:5)
  An adder (D:5)
  A frilled lizard (D:5)
4 creatures vanquished.

Grand Total: 99 creatures vanquished

Notes
Turn   | Place    | Note
-------+----------+-------------------------------------------
     0 | Abyss:1  | Gargoyl the Ghoul Abyssal Knight began the quest for the Orb.
     0 | Abyss:1  | Reached XP level 1. HP: 19/19 MP: 1/1
    99 | Abyss:1  | Noticed a small abomination
   108 | Abyss:1  | Noticed a sixfirhy
   110 | D:1      | Escaped the Abyss
   193 | D:1      | Reached * piety under Lugonu
   295 | D:1      | Reached XP level 2. HP: 26/26 MP: 2/2
  1052 | D:2      | Reached XP level 3. HP: 23/33 MP: 3/3
  1114 | D:2      | Reached skill level 1 in Dodging
  1474 | D:2      | Reached XP level 4. HP: 39/40 MP: 4/4
  1677 | D:2      | Reached ** piety under Lugonu
  1740 | D:2      | Found a glowing golden altar of the Shining One.
  2442 | D:3      | Found a burning altar of Makhleb.
  2703 | D:3      | Reached XP level 5. HP: 28/46 MP: 5/5
  2959 | D:4      | Noticed novi's ghost (amateur MiBe)
  3383 | D:4      | Killed novi's ghost
  3383 | D:4      | Reached XP level 6. HP: 20/53 MP: 5/7
  3735 | D:4      | Found an ancient bone altar of Kikubaaqudgha.
  3737 | D:4      | Found a blossoming altar of Fedhas.
  3999 | D:4      | Reached XP level 7. HP: 38/60 MP: 8/8
  4328 | D:5      | Entered Level 5 of the Dungeon
  4396 | D:5      | Noticed loom's ghost (novice DECj)
  4404 | D:5      | Killed from afar by loom's ghost

Skill      XL: |  1  2  3  4  5  6  7 |
---------------+----------------------+-----
Axes           | 2 3 4 |  4.0
Armour         | 2 3 4 |  4.7
Dodging        | 1 2 |  2.0
Fighting       | 4 |  4.7
Invocations    | 3 |  3.5

Action                   |  1- 3 |  4- 6 |  7- 9 || total
-------------------------+-------+-------+-------++-------
Melee: Hand axe          |   110 |   307 |    61 ||   478
       War axe           |       |       |    18 ||    18
Invok: Depart the Abyss  |     1 |       |       ||     1
  Use: Scroll            |       |     6 |       ||     6
       Potion            |       |     4 |     3 ||     7
 Stab: Distracted        |       |       |     1 ||     1
       Held in net/web   |       |       |     1 ||     1
  Eat: Chunk             |    16 |    45 |    10 ||    71
Armor: Leather armour    |    64 |    24 |       ||    88
       Chain mail        |       |   157 |    69 ||   226
Dodge: Dodged            |    89 |    73 |    24 ||   186
Block: Buckler           |    16 |     3 |       ||    19
       Shield            |       |   111 |    29 ||   140
